 Dungeon Crawl Stone Soup version 0.29.0-15-g675c0067aa (webtiles) character file.

Game seed: 17444137411487476965

67 ragingrage the Chopper (level 3, 0/31 HPs)
             Began as a Minotaur Fighter on Sept 11, 2022.
             Slain by a goblin
             ... wielding a +0 dagger
             ... led by Robin
              (2 damage)
             ... on level 2 of the Dungeon.
             The game lasted 00:00:44 (1120 turns).

ragingrage the Chopper (Minotaur Fighter)           Turns: 1120, Time: 00:00:44

Health: 0/31       AC:  6    Str: 22    XL:     3   Next: 98%
Magic:  2/2        EV:  9    Int:  5    God:
Gold:   50         SH:  5    Dex: 15    Spells: 2/2 levels left

rFire   . . .      SeeInvis .   a - +0 war axe
rCold   . . .      Faith    .   c - +0 buckler
rNeg    . . .      Spirit   .   b - +0 scale mail
rPois   .          Reflect  .   (helmet restricted)
rElec   .          Harm     .   (no cloak)
rCorr   .          Rampage  .   (no gloves)
Will    +....                   (no boots)
Stlth   ..........              (no amulet)
HPRegen 0.10/turn               i - +6 ring of dexterity
MPRegen 0.08/turn               k - ring of willpower

@: lethally poisoned (0 -> -3)
A: horns 2, retaliatory headbutt
a: no special abilities


You were on level 2 of the Dungeon.
You visited 1 branch of the dungeon, and saw 2 of its levels.

You collected 50 gold pieces.

Inventory:

Hand Weapons
 a - a +0 war axe (weapon)
Armour
 b - a +0 scale mail (worn)
 c - a +0 buckler (worn)
Jewellery
 i - a +6 ring of dexterity (left hand)
 k - a ring of willpower (right hand)
Scrolls
 e - a scroll of vulnerability {unknown}
 j - a scroll of teleportation {unknown}
Potions
 d - 2 potions of might
 f - 2 potions of attraction {unknown}
 g - a potion of resistance {unknown}
 h - a potion of curing {unknown}


   Skills:
 - Level 3.6 Fighting
 + Level 5.2 Axes
 - Level 3.6 Armour
 - Level 3.6 Shields


You had 2 spell levels left.
You didn't know any spells.
Your spell library was empty.

Dungeon Overview and Level Annotations

Branches:
Dungeon (2/15)

Altars:

Annotations:
D:2 Robin


Innate Abilities, Weirdness & Mutations

You have a pair of horns on your head.
You reflexively headbutt those who attack you in melee.


Message History

You headbutt the goblin. The hobgoblin barely misses you.
You block the adder's attack.
The goblin hits you with a +1 dagger of protection.
Robin hits you with a +0 short sword.
* * * LOW HITPOINT WARNING * * *
The hobgoblin hits you but does no damage.
You barely miss the adder.
The adder is lightly wounded.
You closely miss the goblin. You hit the hobgoblin.
You kill the hobgoblin!
You hit Robin but do no damage.
You feel sick.
You are no longer poisoned.
You block the adder's attack. The adder bites you but does no damage.
Robin hits you but does no damage. You block the goblin's attack.
You barely miss the adder.
The adder is lightly wounded.
You hit the goblin but do no damage. You closely miss Robin.
The adder bites you but does no damage. Robin throws the goblin at you!
The goblin hits you but does no damage. x2; The adder bites you.
* * * LOW HITPOINT WARNING * * *
You are poisoned.
The adder poisons you!
You hit the goblin.
You kill the goblin!
You barely miss the adder. You barely miss the goblin. You barely miss Robin.
* * * LOW HITPOINT WARNING * * *
You feel sick. Robin barely misses you. You block the goblin's attack.
You block the adder's attack.
* * * LOW HITPOINT WARNING * * *
You feel sick. The adder bites you.
* * * LOW HITPOINT WARNING * * *
The adder bites you.
* * * LOW HITPOINT WARNING * * *
Things that are here:
a +0 club; a +0 dagger; a goblin corpse Robin attacks as you move away!
You block Robin's attack.
* * * LOW HITPOINT WARNING * * *
You feel sick. Robin throws the goblin at you!
The goblin hits you with a +0 dagger.
You die...

#####.###..#.....####...#
#...........#### #...#
##....)...##.# .....#
#.........##.# .....#
#.........##.#### .....#
#.....[...##....# ......#
#........^#####.# ...
#.........# #g# ....
..........# #@# .....
.##........# #)#......
######### #gSg..<.. .
#g)...##. . .......#
........# ##.......#
##.....## .......


You could see Robin, an adder, a hobgoblin (strong) and a goblin (strong).

Vanquished Creatures
  A gnoll (D:1)
  An adder (D:2)
  A worm (D:2)
  A dart slug (D:2)
  2 ball pythons
  An endoplasm (D:2)
  3 giant cockroaches (D:1)
  8 goblins
  4 hobgoblins
  5 jackals
  3 kobolds
  2 quokkas (D:2)
  2 bats (D:1)
  A frilled lizard (D:2)
  2 rats (D:2)
37 creatures vanquished.

Vanquished Creatures (others)
  A fungus (D:1)
1 creature vanquished.

Grand Total: 38 creatures vanquished

Notes
Turn   | Place    | Note
-------+----------+-------------------------------------------
     0 | D:1      | ragingrage the Minotaur Fighter began the quest for the
                  | Orb.
     0 | D:1      | Reached XP level 1. HP: 19/19 MP: 0/0
    34 | D:1      | Found a faded altar of an unknown god.
    66 | D:1      | Reached skill level 3 in Axes
    66 | D:1      | Reached XP level 2. HP: 13/26 MP: 1/1
   452 | D:1      | Reached skill level 4 in Axes
   770 | D:2      | Reached XP level 3. HP: 31/31 MP: 2/2
   848 | D:2      | Reached skill level 5 in Axes
  1109 | D:2      | Noticed Robin
  1120 | D:2      | Slain by a goblin

Illustrated notes

Levels and vault maps discovered:
D:1:      ncdulo_wetmaze, layout_basic, serial_aquarium, aquarium_bridge_square
          [aquarium_subvault_balcony, aquarium_subvault_bridge,
          aquarium_subvault_bridge, aquarium_subvault_window],
          aquarium_bridge_long_separate [aquarium_subvault_bridge,
          aquarium_subvault_bridge, aquarium_subvault_bridge,
          aquarium_subvault_window, aquarium_subvault_wall,
          aquarium_subvault_bridge], aquarium_window_fake, aquarium_window_2,
          aquarium_view_2d, shapermc_ecumenical_altar_ellora, hex_medium
D:2:      layout_rooms, basic_altar, chequers_serial_rivers_micro_e,
          kennysheep_another_room, uniq_robin

Skill      XL: |  1  2  3 |
---------------+----------+-----
Axes           | 3 4 5 |  5.2
Fighting       | |  3.6
Armour         | |  3.6
Shields        | |  3.6

Action                   || total
-------------------------++-------
Melee: War axe           ||    62
       Headbutt          ||     7
Armor: Scale mail        ||    31
Dodge: Dodged            ||    29
Block: Buckler           ||    23
